 Dungeon Sprint DCSS version 0.30-a0-937-ga0a21ad780 (webtiles) character file.

Game seed: 16064286600073820213

341 rocky1 the Protected (level 6, -4/62 HPs)
             Began as a Minotaur Fighter on Mar 25, 2023.
             Was an Initiate of Gozag.
             Slain by a two-headed ogre
             ... wielding a +0 giant club
              (22 damage)
             ... in the Dungeon (Sprint IX: "|||||||||||||||||||||||||||||").
             The game lasted 00:01:34 (396 turns).

rocky1 the Protected (Minotaur Fighter)              Turns: 396, Time: 00:01:35

Health: -4/62      AC: 16    Str: 22    XL:     6   Next: 30%
Magic:  5/5        EV:  8    Int:  8    God:    Gozag
Gold:   0          SH:  5    Dex: 10    Spells: 5/5 levels left

rFire   . . .      SeeInvis .    n - +1 broad axe (heavy)
rCold   . . .      Faith    .    c - +0 buckler
rNeg    . . .      Spirit   .    p - +1 chain mail
rPois   .          Reflect  .    (helmet restricted)
rElec   .          Rampage  .    (no cloak)
rCorr   .          NoTele   +    (no gloves)
Will    .....                    o - +0 pair of boots Stlth
                                 (no amulet)
HPRegen 0.30/turn                r - +3 ring of intelligence
MPRegen 0.09/turn                q - +2 ring of protection

@: gold aura, hasted and slowed
A: horns 2, retaliatory headbutt
a: Renounce Religion, Potion Petition, Call Merchant, Bribe Branch


You were in the Dungeon.
You worshipped Gozag.
Gozag was noncommittal.
You visited 1 branch

Inventory:

Hand Weapons
 a - a +0 flail
 n - a +1 heavy broad axe (weapon)
Armour
 c - a +0 buckler (worn)
 o - a +0 pair of boots (worn)
 p - a +1 chain mail (worn)
Jewellery
 q - a +2 ring of protection (right hand)
 r - a +3 ring of intelligence (left hand)
Wands
 m - a wand of roots (10)
Scrolls
 j - 2 scrolls of blinking
 l - 2 scrolls of amnesia
Potions
 d - a potion of might
 e - 5 potions of curing
 f - 3 potions of heal wounds
 h - 4 potions of magic
 i - a potion of berserk rage
 k - a potion of invisibility


   Skills:
 + Level 8.7 Fighting
 * Level 4.7(5.8) Axes
 + Level 5.0(5.9) Maces & Flails
 + Level 10.0 Armour
 + Level 1.8 Dodging
 + Level 8.5 Shields


You had 5 spell levels left.
You didn't know any spells.
Your spell library was empty.

Dungeon Overview and Level Annotations

Branches:
Dungeon (1/1)

Altars:
Cheibriados
Dithmenos
Elyvilon
Fedhas
Gozag
Hepliaklqana
Kikubaaqudgha
Makhleb
Nemelex Xobeh
Okawaru
Qazlal
Ru
Sif Muna
Trog
Uskayaw
Vehumet
Wu Jian
Xom
Yredelemnul
Zin
The Shining One
Jiyva
Lugonu


Innate Abilities, Weirdness & Mutations

You have a pair of horns on your head.
You reflexively headbutt those who attack you in melee.


Message History

The wraith hits you. The wraith barely misses you.
You closely miss the wraith.
The wraith is heavily damaged.
The centaur is distracted by your dazzling golden aura.
The wraith hits you but does no damage. The wraith closely misses you.
You barely miss the wraith.
The wraith is heavily damaged.
The wraith hits you but does no damage. The wraith hits you.
The wraith drains your vigour!
You feel as though you will be slow longer.
You barely miss the wraith.
The wraith is heavily damaged.
The centaur is no longer distracted by gold.
The wraith barely misses you. You block the wraith's attack.
You slash the wraith!
The wraith is severely damaged.
The wraith hits you. The wraith hits you but does no damage.
You slice the wraith!!
You destroy the wraith!
You block the two-headed ogre's attack.
The two-headed ogre hits you with a +0 giant club!
The centaur is distracted by your dazzling golden aura.
Your Fighting skill increases to level 8!
Your base Axes skill gained 2 levels and is now at level 4!
Your Maces & Flails skill increases to level 5!
Your Armour skill gained 2 levels and is now at level 10!
Your Shields skill increases to level 8!
You have reached level 6!
Unknown command.
You completely miss the two-headed ogre.
The centaur shouts!
You headbutt the two-headed ogre.
The two-headed ogre is lightly wounded.
The two-headed ogre hits you with a +0 giant club!
* * * LOW HITPOINT WARNING * * *
The two-headed ogre barely misses you.
The kobold brigand is distracted by your dazzling golden aura.
The two-headed ogre hits you with a +0 giant club!!
You die...
Your body crumbles into a pile of gold. ▓▓▓▓▓▓▓▓▓▓▓▓▓▓▓▓▓▓▓▓▓▓▓▓ ...cOKO@...[.)..'_______ ▓▓▓▓▓▓▓▓▓▓▓▓▓▓▓▓▓▓▓▓▓▓▓▓ $ $$$$$ $ $ $ $$$$$ $$$$$$

You could see 2 two-headed ogres, a kobold brigand (unaware) and a centaur.

Vanquished Creatures
  A wraith (D)
  A water moccasin (D)
  A kobold brigand (D)
  An ufetubus (D)
  An orc (D)
  2 ball pythons (D)
  A goblin (D)
  A hobgoblin (D)
  2 quokkas (D)
  A frilled lizard (D)
12 creatures vanquished.

Notes
Turn   | Place    | Note
-------+----------+-------------------------------------------
     0 | D        | rocky1 the Minotaur Fighter began the quest for the Orb.
     0 | D        | Reached XP level 1. HP: 19/19 MP: 0/0
     6 | D        | Reached skill level 4 in Armour
    19 | D        | Noticed a water moccasin
    24 | D        | Killed a water moccasin
    25 | D        | Reached skill level 7 in Armour
    25 | D        | Reached XP level 2. HP: 19/31 MP: 1/1
    25 | D        | Reached XP level 3. HP: 24/38 MP: 2/2
    25 | D        | Reached XP level 4. HP: 29/45 MP: 3/3
   201 | D        | Found a snail-covered altar of Cheibriados.
   201 | D        | Found a shadowy altar of Dithmenos.
   201 | D        | Found a white marble altar of Elyvilon.
   201 | D        | Found a blossoming altar of Fedhas.
   201 | D        | Found an opulent altar of Gozag.
   202 | D        | Found a hazy altar of Hepliaklqana.
   203 | D        | Found a viscous altar of Jiyva.
   204 | D        | Found an ancient bone altar of Kikubaaqudgha.
   205 | D        | Found a corrupted altar of Lugonu.
   208 | D        | Found a burning altar of Makhleb.
   209 | D        | Found a sparkling altar of Nemelex Xobeh.
   210 | D        | Found an iron altar of Okawaru.
   211 | D        | Found a stormy altar of Qazlal.
   212 | D        | Found a sacrificial altar of Ru.
   213 | D        | Found a shimmering blue altar of Sif Muna.
   214 | D        | Found a bloodstained altar of Trog.
   215 | D        | Found a hide-covered altar of Uskayaw.
   216 | D        | Found a radiant altar of Vehumet.
   217 | D        | Found an ornate altar of the Wu Jian Council.
   225 | D        | Became a worshipper of Gozag Ym Sagoz the Greedy
   233 | D        | Found a shimmering altar of Xom.
   234 | D        | Found a basalt altar of Yredelemnul.
   235 | D        | Found a glowing silver altar of Zin.
   236 | D        | Found a glowing golden altar of the Shining One.
   382 | D        | Noticed a centaur
   382 | D        | Noticed a two-headed ogre
   382 | D        | Noticed a kobold brigand
   382 | D        | Noticed a two-headed ogre
   382 | D        | Noticed a wraith
   382 | D        | Noticed a kobold brigand
   388 | D        | Killed a kobold brigand
   389 | D        | Reached skill level 8 in Armour
   389 | D        | Reached skill level 1 in Dodging
   389 | D        | Reached XP level 5. HP: 48/53 MP: 4/4
   395 | D        | Killed a wraith
   396 | D        | Reached skill level 5 in Maces & Flails
   396 | D        | Reached skill level 10 in Armour
   396 | D        | Reached XP level 6. HP: 34/62 MP: 5/5
   396 | D        | Slain by a two-headed ogre

Illustrated notes

Levels and vault maps discovered:
D:        linesprint [early_d, line_temple, items_1, d_10, items_2, lair_1,
          lair_end, items_3, orc_1, orc_end, items_4, d_15, swamp_1, shoals_1,
          snake_1, spider_1, d_20, vaults_1, items_5, swamp_end, shoals_end,
          snake_end, spider_end, vaults_end, d_27, items_6, zot_1, zot_end,
          crypt_end, forest_end, elf_end, slime_end, tomb_end, abyss_end,
          pan_hell_end]

Skill      XL: |  1  2  3  4  5 |
---------------+----------------+-----
Fighting       | 6 7 8 |  8.7
Armour         | 7 8 10 | 10.0
Shields        | 6 7 8 |  8.5
Maces & Flails | 4 5 |  5.0
Axes           | 2 4 |  4.7
Dodging        | 1 |  1.8

Action                     |  1- 3 |  4- 6 || total
---------------------------+-------+-------++-------
  Melee: Flail             |    11 |    11 ||    22
         Headbutt          |     5 |     4 ||     9
         Broad axe         |       |    13 ||    13
    Use: Potion            |       |     1 ||     1
 Armour: Scale mail        |     1 |    11 ||    12
         Chain mail        |       |     6 ||     6
  Dodge: Dodged            |     4 |    10 ||    14
  Block: Buckler           |     1 |    13 ||    14

Table legend: (Time is in decaauts)
 A = Elapsed time spent in this place.
 B = Non-inter-level travel time spent in this place.
 C = Inter-level travel time spent in this place.
 D = Time resting spent in this place.
 E = Time spent auto-exploring this place.
 F = Levels seen in this place.
 G = Mean time per level.
                   A        B        C        D        E       F      G
               +--------+--------+--------+--------+--------+-----+--------+
         Total |    409 |    409 |      0 |    262 |      0 |   1 |  409.0 |
       Dungeon |    409 |    409 |      0 |    262 |      0 |   1 |  409.0 |
               +--------+--------+--------+--------+--------+-----+--------+

Top non-repeatable levels by time:
       D: 409 daAuts
